 Dungeon Crawl Stone Soup version 0.29.0-13-gc9e81de378 (webtiles) character file.

Game seed: 14880919217453671997

14 Pim the Grasshopper (level 2, 0/22 HPs)
             Began as a Human Warper on Sept 10, 2022.
             Succumbed to a goblin's poison
             ... on level 1 of the Dungeon.
             The game lasted 00:01:02 (868 turns).

Pim the Grasshopper (Human Warper)                   Turns: 868, Time: 00:01:03

Health: 0/22       AC:  3    Str: 11    XL:     2   Next: 60%
Magic:  3/5        EV: 11    Int: 13    God:
Gold:   26         SH:  0    Dex: 12    Spells: 3/5 levels left

rFire   . . .      SeeInvis .   a - +0 falchion
rCold   . . .      Faith    .   (no shield)
rNeg    . . .      Spirit   .   b - +0 leather armour
rPois   .          Reflect  .   (no helmet)
rElec   .          Harm     .   (no cloak)
rCorr   .          Rampage  .   (no gloves)
Will    .....                   (no boots)
Stlth   +.........              (no amulet)
HPRegen 0.07/turn               (no ring)
MPRegen 0.09/turn               (no ring)

@: lethally poisoned (0 -> -1)
A: no striking features
a: no special abilities


You were on level 1 of the Dungeon.
You visited 1 branch of the dungeon, and saw 1 of its levels.

You collected 26 gold pieces.

Inventory:

Hand Weapons
 a - a +0 falchion (weapon)
Missiles
 d - 6 boomerangs of dispersal (quivered)
Armour
 b - a +0 leather armour (worn)
Scrolls
 c - a scroll of blinking
 e - a scroll of identify {unknown}
 f - a scroll of poison {unknown}


   Skills:
 * Level 2.2 Fighting
 * Level 2.1 Long Blades
 + Level 1.1 Throwing
 + Level 1.2 Armour
 + Level 2.1 Dodging
 + Level 2.1 Spellcasting
 * Level 3.1 Translocations


You had 3 spell levels left.
You knew the following spells:

 Your Spells              Type           Power      Damage    Failure   Level
a - Blink                 Tloc           18%        N/A       14%         2

Your spell library contained the following spells:

 Spells                   Type           Power      Damage    Failure   Level
 Gell's Gravitas          Tloc           9%         N/A       26%         3
 Lesser Beckoning         Tloc           9%         N/A       26%         3
 Teleport Other           Tloc           9%         N/A       26%         3
 Manifold Assault         Tloc           9%         N/A       94%         5


Dungeon Overview and Level Annotations

Branches:
Dungeon (1/15)

Altars:

Annotations:
D:1 1 transporter


Message History

The goblin is severely wounded.
You feel very sick. The bat hits you but does no damage.
The goblin hits you but does no damage.
You are more poisoned.
Casting: Blink (safe; 14% risk of failure)
Confirm with . or Enter, or press ? or * to list all spells.
You blink.
You feel very sick.
You feel very sick. The bat hits you.
You feel sick. The bat barely misses you. The bat hits you but does no damage.
You feel sick. The bat hits you but does no damage. The bat closely misses you.
You feel stable enough to blink again.
* * * LOW HITPOINT WARNING * * *
You feel sick. The bat closely misses you.
* * * LOW HITPOINT WARNING * * *
You feel sick. The bat hits you but does no damage.
A bat comes into view.
* * * LOW HITPOINT WARNING * * *
You feel sick. The bat hits you but does no damage.
* * * LOW HITPOINT WARNING * * *
You feel sick. The bat hits you but does no damage.
You aren't carrying any potions.
Okay, then.
Throw: 7 boomerangs (disperse)
Press: ? - help, Q - select action, (/) - cycle Shift-Dir - straight line, f - bat
Aim: a bat (42% to hit)
Okay, then.
Throw: 7 boomerangs (disperse)
Press: ? - help, Q - select action, (/) - cycle Shift-Dir - straight line, f - bat
Aim: a bat (42% to hit)
You throw a boomerang of dispersal.
The boomerang of dispersal closely misses the bat.
The boomerang of dispersal hits the hobgoblin.
The hobgoblin blinks!
The hobgoblin is moderately wounded.
* * * LOW HITPOINT WARNING * * *
You feel sick.
The bat completely misses you. x2; The bat hits you.
* * * LOW HITPOINT WARNING * * *
You die...

##..## #.. #.#.# ##..##
.#### #.#.# ##.g#
#..#.####.#.##
##.##...#..........
##.###g#...###........#
#.....b..b..#.........#
##.###b#..$.##.........
#.#....##.....#### #@#
..©##.....#
#.##########.####
#...#########...##
######.#.#©##.........
.....#..#<###....#####
.....#.#.##....#
#.#.##.#.#....#
#..#..#..#...#
#..........######


You could see a hobgoblin, a goblin and 2 bats.

Vanquished Creatures
  A dart slug (D:1)
  2 bats (D:1)
  A giant cockroach (D:1)
  A goblin (D:1)
  A kobold (D:1)
  A quokka (D:1)
  2 ball pythons (D:1)
  A frilled lizard (D:1)
  A rat (D:1)
11 creatures vanquished.

Notes
Turn   | Place    | Note
-------+----------+-------------------------------------------
     0 | D:1      | Pim the Human Warper began the quest for the Orb.
     0 | D:1      | Reached XP level 1. HP: 16/16 MP: 3/3
   448 | D:1      | Reached XP level 2. HP: 22/22 MP: 5/5
   468 | D:1      | Learned a level 2 spell: Blink
   851 | D:1      | Found a faded altar of an unknown god.
   867 | D:1      | HP: 1/22 [bat (1)]
   868 | D:1      | Succumbed to a goblin's poison

Illustrated notes

Levels and vault maps discovered:
D:1:      spicycebolla_arrival_risky_transporter, layout_loops_ring,
          serial_aquarium, aquarium_bridge_square [aquarium_subvault_wall,
          aquarium_subvault_bridge, aquarium_subvault_bridge,
          aquarium_subvault_bridge], aquarium_window_fake, aquarium_window_1,
          aquarium_window_corridor_1, aquarium_window_1, aquarium_view_2f,
          aquarium_balcony_1b, nicolae_ecumenical_snake_handling,
          bh_walls_and_bars

Action                   || total
-------------------------++-------
Melee: Falchion          ||    43
Throw: Boomerang         ||     1
 Cast: Blink             ||     2
Armor: Leather armour    ||    27
Dodge: Dodged            ||    31
